 Dungeon Crawl Stone Soup version 0.29-a0-468-ge57f7f99b4 (webtiles) character file.

Game seed: 3231713342956274495

4 Spectrina the Ducker (level 1, 0/13 HPs)
             Began as a Deep Elf Monk on May 22, 2022.
             Slain by an adder (4 damage)
             ... on level 2 of the Dungeon.
             The game lasted 00:00:53 (91 turns).

Spectrina the Ducker (Deep Elf Monk)                  Turns: 91, Time: 00:00:54

Health: 0/13       AC:  2    Str:  8    XL:     1   Next: 58%
Magic:  3/3        EV: 13    Int: 14    God:
Gold:   13         SH:  0    Dex: 17    Spells: 0/0 levels left

rFire   . . .      SeeInvis .   a - +0 spear
rCold   . . .      Faith    .   (no shield)
rNeg    . . .      Spirit   .   b - +0 robe
rPois   .          Reflect  .   (no helmet)
rElec   .          Harm     .   (no cloak)
rCorr   .          Rampage  .   (no gloves)
Will    .....                   (no boots)
Stlth   ++........              (no amulet)
HPRegen 0.04/turn               (no ring)
MPRegen 0.08/turn               (no ring)

@: no status effects
A: no striking features
a: no special abilities


You were on level 2 of the Dungeon.
You visited 1 branch of the dungeon, and saw 2 of its levels.

You collected 13 gold pieces.

Inventory:

Hand Weapons
 a - a +0 spear (weapon)
Missiles
 e - a stone (quivered)
 f - 5 atropa-tipped darts
Armour
 b - a +0 robe (worn)
Scrolls
 d - a scroll of poison {unknown}
Potions
 c - a potion of ambrosia


   Skills:
 - Level 2.4 Fighting
 + Level 2.4 Polearms
 - Level 3.6 Dodging
 - Level 2.4 Stealth


You couldn't memorise any spells.
You didn't know any spells.
Your spell library was empty.

Dungeon Overview and Level Annotations

Branches:
Dungeon (2/15)

Altars:


Message History

Unknown command.
Okay, then.
Okay, then.
An adder comes into view.
The adder hisses angrily.
Found a stone staircase leading up.
A worm comes into view.
A dart slug comes into view.
Found a dagger.
You miss the adder. The adder bites you.
You are poisoned.
The adder poisons you!
Unknown command.
You miss the adder.
You feel sick. The adder closely misses you. The adder barely misses you.
You hit the adder.
The adder is heavily wounded.
You feel sick. The adder misses you.
You hit the adder but do no damage.
The adder is heavily wounded.
You feel sick. The adder bites you but does no damage.
You miss the adder.
The adder is heavily wounded.
You feel sick.
You are no longer poisoned.
The adder misses you.
You completely miss the adder.
The adder is heavily wounded.
The adder bites you but does no damage. The adder completely misses you.
You hit the adder but do no damage.
The adder is moderately wounded.
The adder closely misses you.
You closely miss the adder.
The adder is moderately wounded.
The adder bites you.
The worm bites the plant.
The plant begins to die.
You barely miss the adder.
The adder is moderately wounded.
The adder bites you.
The worm bites the plant.
The adder attacks as you move away! The adder bites you.
You die...

...♣P♣ .....♣
.w. ...P♣ ♣♣♣
..♣ ...♣ ♣..P
♣.P . ...♣♣§..
)P ###..
...§§♣ ♣
♣.♣##.....
..§.♣♣ ..♣
.Pw....<.
..§♣P♣ ♣P..♣
♣♣♣PS......
.)..§♣
♣.P.♣..@P#
....♣.♣
♣...P♣#
....♣♣♣
♣♣♣♣♣♣...♣
......♣
♣.....P♣♣.....
....♣♣♣
♣♣P♣†♣♣♣ ♣....
##..♣♣ ♣.♣...♣
#### ##..♣♣
♣♣.P♣♣♣
##..♣♣♣♣.♣♣.♣
##...♣.♣P.♣§§


You could see a worm, an adder and a dart slug (asleep).

Vanquished Creatures
  A ball python (D:1)
  2 quokkas (D:2)
  A kobold (D:2)
4 creatures vanquished.

Vanquished Creatures (others)
  3 plants (D:2)
3 creatures vanquished.

Grand Total: 7 creatures vanquished

Notes
Turn   | Place    | Note
-------+----------+-------------------------------------------
     0 | D:1      | Spectrina the Deep Elf Monk began the quest for the Orb.
     0 | D:1      | Reached XP level 1. HP: 13/13 MP: 3/3
    91 | D:2      | Slain by an adder

Illustrated notes

Levels and vault maps discovered:
D:1:      scummos_arrival_checkerplants, layout_rooms,
          chequers_ecumenical_altar_simple, serial_shops, nicolae_lakefront_shop
D:2:      wad_woods_stonehenge, layout_basic, serial_shops, nicolae_shop_stone,
          kennysheep_path_1

Action                   || total
-------------------------++-------
Melee: Spear             ||    29
Throw: Stone             ||     1
Armor: Robe              ||     4
Dodge: Dodged            ||    14

Table legend: (Time is in decaauts)
 A = Elapsed time spent in this place.
 B = Non-inter-level travel time spent in this place.
 C = Inter-level travel time spent in this place.
 D = Time resting spent in this place.
 E = Time spent auto-exploring this place.
 F = Levels seen in this place.
 G = Mean time per level.
                   A        B        C        D        E       F      G
               +--------+--------+--------+--------+--------+-----+--------+
         Total |     90 |     90 |      0 |      0 |      0 |   2 |   45.0 |
       Dungeon |     90 |     90 |      0 |      0 |      0 |   2 |   45.0 |
               +--------+--------+--------+--------+--------+-----+--------+

Top non-repeatable levels by time:
     D:2: 62 daAuts
     D:1: 27 daAuts
